 Dungeon Crawl Stone Soup version 0.8.1-249-g5cfb859 character file.

273 arikhan the Chopper (level 5, -2/41 HPs)
             Began as a Mountain Dwarf Death Knight on Aug 14, 2011.
             Was a Priest of Yredelemnul.
             Slain by a kobold (3 damage)
             ... on Level 3 of the Dungeon.
             The game lasted 00:12:47 (2394 turns).

arikhan the Chopper (Mountain Dwarf Death Knight)   Turns: 2394, Time: 00:12:47

HP  -2/41        AC  4     Str 18 Exp: 5/186 (0), need: 164
MP   7/7         EV  6     Int 13 (14) God: Yredelemnul [***...]
Gold 143         SH 15     Dex 11      Spells:  0 memorised,  4 levels left

Res.Fire  : . . .   See Invis. : .   a - +1 dwarf hand axe
Res.Cold  : . . .   Warding    : . . q - +0 ring mail
Life Prot.: . . .   Conserve   : .   v - +0 shield
Res.Acid. : . . .   Res.Corr.  : .   (no helmet)
Res.Poison: .       Clarity    : .   (no cloak)
Res.Elec. : .       Spirit.Shd : .   (no gloves)
Sust.Abil.: . .     Stasis     : .   (no boots)
Res.Mut.  : .       Ctrl.Telep.: .   (no amulet)
Res.Rott. : .       Levitation : .   (no ring)
Saprovore : . . .   Ctrl.Flight: .   f - +5 ring of intelligence

@: slightly resistant to hostile enchantments, extremely unstealthy
A: no striking features
a: Animate Dead, Recall Undead Slaves, Injury Mirror, Renounce Religion


You were on level 3 of the Dungeon.
You worshipped Yredelemnul.
Yredelemnul was greatly pleased with you.
You were not hungry.

You visited 1 branch of the dungeon, and saw 3 of its levels.

You collected 123 gold pieces.

Inventory:

Hand weapons
 a - a +1,+1 dwarven hand axe (weapon)
 d - a +0,+0 hammer
 g - a +0,+0 hammer
 l - a +0,+0 hammer
 p - a +1,+0 dagger of venom
 r - a +2,+1 dagger of venom
 s - a +0,+0 mace
 x - a +1,+2 orcish trident
Missiles
 m - 13 +0 darts of flame (quivered)
 n - a +0 dart
Armour
 b - a +0 leather armour
 q - a +0 ring mail (worn)
 u - a cursed -2 scale mail
 v - a +0 shield (worn)
Comestibles
 k - a meat ration
Scrolls
 c - a scroll of identify
 i - a scroll of fog
 j - a scroll of recharging {unknown}
 o - a scroll of remove curse
 t - a scroll of detect curse
 w - a scroll of teleportation
Jewellery
 f - a +5 ring of intelligence (left hand)
Potions
 e - a potion of heal wounds
 h - a potion of speed {unknown}
 z - a potion of slowing {unknown} You had 0 experience left.


   Skills:
 + Level 3 Fighting
 + Level 4 Axes
 + Level 3 Armour
 + Level 2 Dodging
 + Level 1 Shields
 + Level 3 Invocations


You had 4 spell levels left.
You didn't know any spells.

Dungeon Overview and Level Annotations

Branches:
Dungeon (3/27)

Altars:


Message History

You closely miss the kobold. You block the kobold's attack.
You have gained Shields skill!
You hit the kobold.
The kobold is moderately wounded.
The kobold hits you.
You die...
Your body rises from the dead as a mindless zombie. ∙∙∙∙∙∙∙∙∙∙∙∙▒ ∙∙∙∙∙∙∙>∙∙∙∙▒ ∙∙%∙∙∙∙∙<∙∙∙▒▒▒▒▒ ∙∙∙∙∙∙%∙∙∙∙∙∙∙∙∙∙

∙∙∙∙∙∙∙∙∙∙∙∙▒▒▒▒▒
∙∙∙∙∙∙∙∙∙∙∙>▒
∙∙∙∙∙▒▒▒z▒▒▒▒
∙∙∙∙∙▒ ▒z▒ ∙∙∙∙∙▒
▒@▒ ▒▒▒∙▒▒ ▒K▒
∙∙∙∙▒▒ ∙∙∙


∙∙∙∙∙∙∙∙∙∙∙ ▒▒▒▒▒▒∙∙∙∙∙∙ ▒ ▒∙∙∙∙∙∙∙ ▒∙∙∙∙∙∙∙∙ ▒∙∙∙∙∙∙∙ ▒▒▒ You could see a
kobold and friendly 2 gnoll zombies.

Vanquished Creatures
  3 gnolls (D:3)
  2 snakes
  A worm (D:2)
  Terence (D:3)
  An orc (D:3)
  7 giant cockroaches
  6 hobgoblins
  2 giant newts
  6 goblins
  6 kobolds
  9 megabats
  A quokka (D:3)
  34 rats
  A toadstool (D:2)
80 creatures vanquished.

Vanquished Creatures (collateral kills)
  A megabat (D:3)
  A giant newt (D:3)
2 creatures vanquished.

Vanquished Creatures (others)
  4 toadstools
4 creatures vanquished.

Grand Total: 86 creatures vanquished

Notes
Turn   | Place    | Note
--------------------------------------------------------------
     0 | D:1      | arikhan, the Mountain Dwarf Death Knight, began the quest for the Orb.
     0 | D:1      | Reached XP level 1. HP: 14/14 MP: 2/2
   111 | D:1      | Reached skill level 1 in Dodging
   406 | D:1      | Reached XP level 2. HP: 18/20 MP: 3/4
   949 | D:2      | Acquired Yredelemnul's second power
  1072 | D:2      | Reached XP level 3. HP: 22/27 MP: 4/4
  1814 | D:2      | Reached XP level 4. HP: 25/33 MP: 5/6
  1865 | D:2      | Acquired Yredelemnul's third power
  2038 | D:3      | Reached skill level 4 in Axes
  2294 | D:3      | Noticed Terence
  2305 | D:3      | Defeated Terence
  2359 | D:3      | Reached XP level 5. HP: 12/41 MP: 7/7
  2391 | D:3      | HP: 1/41 [orc/glowing orcish trident (11)]
  2393 | D:3      | Reached skill level 1 in Shields
  2394 | D:3      | Slain by a kobold
